 Dungeon Crawl Stone Soup version 0.19.5 (webtiles) character file.

140 McKennaii the Shooter (level 5, -1/35 HPs)
             Began as a High Elf Hunter on May 2, 2017.
             Slain by an orc
             ... wielding a +0 flail
              (7 damage)
             ... on level 2 of the Dungeon.
             The game lasted 00:03:56 (1684 turns).

McKennaii the Shooter (High Elf Hunter)             Turns: 1684, Time: 00:03:57

Health: -1/35      AC:  4    Str: 11    XL:     5   Next: 2%
Magic:  6/6        EV: 13    Int: 14    God:
Gold:   138        SH:  0    Dex: 17    Spells: 0 memorised, 4 levels left

rFire  . . .     SeeInvis .     b - +0 short sword
rCold  . . .     Gourm    .     c - +0 leather armour
rNeg   . . .     Faith    .     (no shield)
rPois  .         Spirit   .     (no helmet)
rElec  .         Reflect  .     m - +0 cloak
rCorr  .         Harm     +     (no gloves)
MR     .....                    (no boots)
Stlth  ++........               p - amulet of harm
                                (no ring)
                                (no ring)

@: no status effects
A: no striking features
a: no special abilities


You were on level 2 of the Dungeon.
You were not hungry.

You visited 1 branch of the dungeon, and saw 3 of its levels.

You collected 138 gold pieces.

Inventory:

Hand Weapons
 a - a +1 shortbow
 b - a +0 short sword (weapon)
Armour
 c - a +0 leather armour (worn)
 m - a +0 cloak (worn)
Jewellery
 p - an amulet of harm (around neck)
Wands
 k - a wand of paralysis (11/24)
Scrolls
 e - a scroll of magic mapping
 h - 4 scrolls of identify {unknown}
 u - a scroll of teleportation {unknown}
Potions
 d - a potion of resistance {unknown}
 g - a potion of haste {unknown}
 i - 3 potions of brilliance {unknown}
 l - 4 potions of berserk rage {unknown}
 o - a potion of degeneration {unknown}
 q - a potion of lignification {unknown}
 t - a potion of heal wounds {unknown}
Comestibles
 f - 2 bread rations
 j - a beef jerky
 n - 2 meat rations
 r - a slice of pizza


   Skills:
 + Level 2.6 Fighting
 + Level 7.4 Bows
 + Level 1.0 Armour
 + Level 2.7 Dodging
 + Level 1.2 Stealth


You had 4 spell levels left.
You didn't know any spells.

Dungeon Overview and Level Annotations

Branches:
Dungeon (3/15)

Altars:
Cheibriados
Dithmenos
Makhleb
Nemelex Xobeh


Message History

The orc priest calls down the wrath of Beogh upon you.
Beogh smites you! The orc hits you with a flail.
You hit the orc priest.
The orc priest is heavily wounded.
The orc priest hits you but does no damage.
The orc hits you but does no damage.
You closely miss the orc priest.
The orc priest is heavily wounded.
The orc priest misses you. The orc completely misses you.
You hit the orc priest.
The orc priest is almost dead.
The orc priest barely misses you. The orc closely misses you.
You barely miss the orc priest.
The orc priest is almost dead.
The orc priest hits you with a club.
* * * LOW HITPOINT WARNING * * *
You hit the orc priest but do no damage.
The orc priest is almost dead.
The orc hits you with a flail.
You die...

#.......# ###.# #.......##
###.###### #........##
#........### #.........#
#..........#####
####.##....###.......##...... ##
#....#####.............#####. .##
#.##.# ##.######..##.....(.
..###.##.######.o.#####...#######
..#............o@...#####........
..#.####..#######...............#
....###....[## #....#####.####..
..####.....<.## #....# #####...
..# #.....†...# #....# #.....##
### #.........###....# #.#####
#................#####.#
#.....)...###....##....#
#.........#.........####


You could see an orc priest and an orc.

Vanquished Creatures
  Ijyb (D:2)
  An adder (D:2)
  4 gnolls
  5 oozes
  A worm (D:3)
  A dart slug (D:1)
  A leopard gecko (D:2)
  3 giant cockroaches
  3 goblins
  4 hobgoblins (D:1)
  6 jackals
  2 ball pythons
  2 bats (D:1)
  3 frilled lizards
  4 kobolds
  3 rats
44 creatures vanquished.

Notes
Turn   | Place    | Note
-------+----------+-------------------------------------------
     0 | D:1      | McKennaii the High Elf Hunter began the quest for the Orb.
     0 | D:1      | Reached XP level 1. HP: 14/14 MP: 2/2
   127 | D:1      | Reached XP level 2. HP: 19/19 MP: 3/3
   529 | D:1      | Reached skill level 6 in Bows
   599 | D:1      | Reached XP level 3. HP: 24/24 MP: 4/4
  1090 | D:2      | Reached XP level 4. HP: 30/30 MP: 5/5
  1170 | D:2      | Found a burning altar of Makhleb.
  1170 | D:2      | Found a sparkling altar of Nemelex Xobeh.
  1313 | D:2      | Found a shadowy altar of Dithmenos.
  1330 | D:2      | Noticed Ijyb
  1337 | D:2      | Paralysed by Ijyb for 7 turns
  1345 | D:2      | Killed Ijyb
  1345 | D:2      | Reached skill level 7 in Bows
  1550 | D:2      | Found a snail-covered altar of Cheibriados.
  1645 | D:3      | Reached skill level 1 in Armour
  1645 | D:3      | Reached XP level 5. HP: 35/35 MP: 6/6
  1684 | D:2      | Slain by an orc

Skill      XL: |  1  2  3  4 |
---------------+-------------+-----
Bows           | 6 7 |  7.4
Armour         | 1 |  1.0
Fighting       | |  2.6
Dodging        | |  2.7
Stealth        | |  1.2

Action                   |  1- 3 |  4- 6 || total
-------------------------+-------+-------++-------
Melee: Short sword       |    20 |     8 ||    28
 Fire: Shortbow          |    81 |    36 ||   117
  Use: Scroll            |       |     4 ||     4
  Eat: Chunk             |       |     2 ||     2
Armor: Leather armour    |    19 |     2 ||    21
Dodge: Dodged            |    39 |     9 ||    48
